 Dungeon Crawl Stone Soup version 0.18-a0-1570-gf60b0ab (webtiles) character file.

403 M4edhros the Poker (level 6, -6/39 HPs)
             Began as an Octopode Chaos Knight on Mar 14, 2016.
             Mangled by a sixfirhy (8 damage)
             ... summoned by Xom
             ... on level 3 of the Dungeon.
             The game lasted 00:10:31 (12318 turns).

M4edhros the Poker (Octopode Chaos Knight)         Turns: 12318, Time: 00:10:31

Health: -6/39      AC:  3    Str: 10    XL:     6   Next: 86%
Magic:  9/9        EV: 12    Int: 14    God:    Xom [......]
Gold:   91         SH:  0    Dex: 12    Spells: 0 memorised, 5 levels left

rFire  . . .     SeeInvis .     a - +0 spear (chaos)
rCold  . . .     Gourm    .     (no shield)
rNeg   . . .     Faith    .     (helmet restricted)
rPois  .         Spirit   .     (no amulet)
rElec  .         Dismiss  .     (no ring)
rCorr  .         Reflect  .     (no ring)
SustAt .         Harm     .     (no ring)
MR     .....                    (no ring)
Stlth  ++........               (no ring)
                                (no ring)
                                (no ring)
                                (no ring)

@: corroded equipment, not resistant to hostile enchantments, unstealthy
A: almost no armour, amphibious, 8 rings, constrict 8, molten scales 1, rough
black scales 1, rugged brown scales 1, camouflage 1, blurry vision 1, frail 1,
sense surroundings 1, weak 1, gelatinous body 1
a: Renounce Religion


You were on level 3 of the Dungeon.
You worshipped Xom.
You were a very special plaything of Xom.
You were very hungry.

You visited 1 branch of the dungeon, and saw 3 of its levels.

You collected 91 gold pieces.

Inventory:

Hand Weapons
 a - a +0 spear of chaos (weapon)
Missiles
 i - 2 javelins of returning (quivered)
 p - 12 sling bullets
Rods
 g - a +3 rod of shadows (10/10)
   (Xom gifted it to you on level 2 of the Dungeon)
Scrolls
 f - a scroll of blinking {unknown}
 j - a scroll of remove curse {unknown}
 m - a scroll of random uselessness {unknown}
 n - a scroll of identify {unknown}
 q - a scroll of enchant weapon {unknown}
 t - a scroll of amnesia {unknown}
Potions
 e - 2 potions of degeneration {unknown}
 h - a potion of curing {unknown}
 k - a potion of lignification {unknown}
 l - a potion of berserk rage {unknown}
 o - a potion of might {unknown}
 r - a potion of cancellation {unknown}
 s - 2 potions of brilliance {unknown}
 u - 2 potions of heal wounds {unknown}
Comestibles
 b - 3 bread rations
 c - 2 fruits
 d - 2 meat rations


   Skills:
 - Level 3.0 Fighting
 + Level 5.9 Polearms
 - Level 2.3 Dodging
 * Level 4.7 Evocations


You had 5 spell levels left.
You didn't know any spells.

Dungeon Overview and Level Annotations

Branches:
Dungeon (3/15)

Altars:
Dithmenos
Elyvilon
Makhleb
Vehumet
Xom


Innate Abilities, Weirdness & Mutations

You cannot wear most types of armour.
You are amphibious.
You can wear up to eight rings at the same time.
You can use your tentacles to constrict eight enemies at once.
Your skin changes colour to match your surroundings (Stealth).
Your rubbery body absorbs attacks (AC +1).
You are partially covered in molten scales (AC +1).
You are partially covered in rough black scales (AC +4, Dex -1).
You are partially covered in rugged brown scales (AC +1, +3% HP).
Scrolls take you a little longer to read.
You are frail (-10% HP).
You passively map a small area around you.
You are weak. (Str -2)


Message History

Okay, then.
Read which item? (? for menu, Esc to quit)
Okay, then.
Drink which item? (? for menu, Esc to quit)
Okay, then.
The crimson imp barely misses you. The rust devil barely misses you.
The rust devil closely misses you. The sixfirhy hits you.
The sixfirhy shocks you! The sixfirhy closely misses you.
The sixfirhy hits you! The sixfirhy shocks you!
* * * LOW HITPOINT WARNING * * *
The sixfirhy hits you but does no damage.
The rust devil hits you.
* * * LOW HITPOINT WARNING * * *
The rust devil corrodes you!
The crimson imp blinks!
The sixfirhy hits you.
* * * LOW HITPOINT WARNING * * *
The sixfirhy shocks you!
You die...

#.# #.# #.# #.# #.# #.# *
######.######.#######.# ,,
.......................#
#.#*
######........[.########
#.# ###..#####..# #.#
#...4# #..# #.# ######.##4#
*#..# #.# #......##@# *
...# #.# #.###..##.# .#..#
####.###.###..##.###.#..#
..........##..##.....# ,#
####.......)......#######.#
#..##.#####.##....#....#
#..##.# ##.##.##.#)# ###*
#..##.####...#.##.#.##..
#..##...........#...#.# .#


You could see a rust devil and a sixfirhy.

Vanquished Creatures
  A two-headed ogre (D:1)
  A hound (D:2)
  Terence (D:2)
  5 adders
  2 oozes
  2 worms
  2 dart slugs
  3 giant geckos
  5 orcs (D:3)
  5 giant cockroaches
  10 goblins
  9 hobgoblins
  6 jackals (D:1)
  A quokka (D:2)
  6 bats
  9 giant newts
  10 kobolds
  12 rats
90 creatures vanquished.

Notes
Turn   | Place    | Note
--------------------------------------------------------------
     0 | D:1      | M4edhros the Octopode Chaos Knight began the quest for the Orb.
     0 | D:1      | Reached XP level 1. HP: 16/16 MP: 1/1
    17 | D:1      | XOM: harmless Fire miscast
    37 | D:1      | XOM: silly message
   146 | D:1      | XOM: harmless Chrm miscast
   273 | D:1      | XOM: colour smoke trail
   443 | D:1      | Reached XP level 2. HP: 19/21 MP: 2/2
   517 | D:1      | XOM: divination: detect creatures
   702 | D:1      | XOM: mild Trmt miscast
  1004 | D:1      | XOM: divination: detect creatures
  2058 | D:1      | Reached skill level 4 in Polearms
  2190 | D:1      | Reached XP level 3. HP: 18/26 MP: 3/3
  2222 | D:2      | XOM is BORED!
  2222 | D:2      | XOM: mild Trmt miscast
  2805 | D:1      | XOM: colour smoke trail
  2939 | D:1      | XOM: 1-stop teleportation journey
  3178 | D:1      | XOM is BORED!
  3178 | D:1      | XOM: give mutations
  3178 | D:1      | Gained mutation: You are weak. (Str -2) [Xom's mischief]
  3178 | D:1      | Gained mutation: You are frail (-10% HP). [Xom's mischief]
  3178 | D:1      | Gained mutation: You are partially covered in rugged brown scales (AC +1, +3% HP). [Xom's mischief]
  3649 | D:1      | XOM: harmless Divn miscast
  3879 | D:1      | XOM: colour smoke trail
  4147 | D:1      | XOM: noise
  4575 | D:1      | XOM: harmless Hex miscast
  4903 | D:1      | XOM: noise
  5709 | D:1      | XOM: give mutations
  5709 | D:1      | Gained mutation: Scrolls take you a little longer to read. [Xom's mischief]
  5709 | D:1      | Gained mutation: You are dopey. (Int -2) [Xom's mischief]
  5935 | D:1      | XOM: noise
  6177 | D:1      | XOM: god gift: scroll labeled EXEARH EJIDI
  6224 | D:1      | Noticed a two-headed ogre
  6224 | D:1      | XOM: fog
  6227 | D:1      | XOM: destruction
  6331 | D:2      | Found a faded altar to an unknown god.
  6373 | D:2      | Found a white marble altar of Elyvilon.
  6390 | D:2      | Reached XP level 4. HP: 28/28 MP: 4/4
  6601 | D:2      | XOM: torment (15/28 hp)
  6675 | D:2      | XOM: god gift: curved runed rod {god gift}
  6677 | D:2      | Identified a +3 rod of shadows (10/10) (Xom gifted it to you on level 2 of the Dungeon)
  6741 | D:2      | XOM: 2-stop teleportation journey
  6749 | D:2      | Found a burning altar of Makhleb.
  6755 | D:2      | Reached skill level 5 in Polearms
  6755 | D:2      | Reached skill level 1 in Evocations
  7729 | D:2      | XOM: god gift: 2 javelins of returning
  7745 | D:2      | Noticed Terence
  7761 | D:2      | Killed Terence
  7761 | D:2      | Reached XP level 5. HP: 11/33 MP: 6/6
  8515 | D:2      | XOM: give mutations
  8515 | D:2      | Lost mutation: You are dopey. (Int -2) [Xom's grace]
  8515 | D:2      | Gained mutation: You passively map a small area around you. [Xom's grace]
  8515 | D:2      | Gained mutation: You are partially covered in rough black scales (AC +4, Dex -1). [Xom's grace]
  8515 | D:2      | Gained mutation: You are partially covered in molten scales (AC +1). [Xom's grace]
  8530 | D:2      | XOM: silly message
  8810 | D:2      | XOM: scenery: create altars
  8984 | D:2      | XOM: vitrification
  9161 | D:2      | XOM: medium Erth miscast
  9487 | D:2      | XOM: potion effect (invisibility)
  9548 | D:2      | Found a shadowy altar of Dithmenos.
  9623 | D:3      | XOM: harmless Fire miscast
  9738 | D:3      | Found a radiant altar of Vehumet.
  9751 | D:3      | XOM: divination: magic mapping
 10205 | D:3      | XOM: divination: magic mapping
 10674 | D:1      | XOM: silly message
 10710 | D:1      | XOM: harmless Trmt miscast
 10718 | D:1      | XOM: divination: detect creatures
 10723 | D:1      | XOM: potion effect (brilliance)
 10727 | D:1      | XOM: divination: detect creatures
 10771 | D:1      | XOM: potion effect (brilliance)
 10790 | D:1      | XOM: cast spell 'Summon Small Mammal'
 10800 | D:1      | XOM: potion effect (haste)
 10815 | D:1      | XOM: potion effect (agility)
 10849 | D:1      | XOM: potion effect (berserk rage)
 10859 | D:1      | XOM: divination: detect creatures
 10887 | D:2      | XOM: harmless Pois miscast
 11008 | D:1      | XOM: potion effect (invisibility)
 11020 | D:1      | XOM: potion effect (might)
 11026 | D:1      | Killed a two-headed ogre
 11026 | D:1      | Reached XP level 6. HP: 39/39 MP: 7/9
 12063 | D:3      | XOM: divination: detect creatures
 12311 | D:3      | XOM: summons 3 hostile demons
 12312 | D:3      | Noticed a sixfirhy
 12312 | D:3      | Noticed a rust devil
 12318 | D:3      | Mangled by a sixfirhy

Vault maps used:
D:1:      dpeg_arrival_connections, fountainhead
D:2:      grunt_dithmenos_smoke_and_mirrors, nicolae_overflow_crystal_walls,
          ecumenical_altar_2, minmay_misc_feat_four_crosses,
          makhleb_blood_cavern_becter, uniq_terence
D:3:      vehumet_crystals

Skill      XL: |  1  2  3  4  5 |
---------------+----------------+-----
Polearms       | 4 5 |  5.9
Evocations     | 2 4 |  4.7
Fighting       | |  3.0
Dodging        | |  2.3

Action                   |  1- 3 |  4- 6 || total
-------------------------+-------+-------++-------
Melee: Spear             |   100 |   129 ||   229
  Use: Scroll            |     1 |       ||     1
 Stab: Sleeping          |     7 |     7 ||    14
       Distracted        |       |     3 ||     3
       Invisible         |       |     2 ||     2
       Confused          |       |     1 ||     1
  Eat: Chunk             |    16 |    19 ||    35
